 Dungeon Crawl Stone Soup version 0.28-a0-1199-gef9e1dbd39 (webtiles) character file.

Game seed: 14557630943732211120

27090 Crownlay the Thaumaturge (level 13, -1/82 HPs)
             Began as a Gargoyle Earth Elementalist on Dec 19, 2021.
             Was a High Priest of Vehumet.
             Killed from afar by an ironbound frostheart (19 damage)
             ... by creeping frost
             ... in an ice cave.
             The game lasted 01:07:52 (18400 turns).

Crownlay the Thaumaturge (GrEE)                    Turns: 18400, Time: 01:07:53

Health: -1/82      AC: 18    Str: 18    XL:     13   Next: 30%
Magic:  30/31      EV: 11    Int: 21    God:    Vehumet [*****.]
Gold:   1122       SH:  6    Dex: 10    Spells: 35/41 levels left

rFire   + + +      SeeInvis +   s - staff of earth
rCold   + + +      Faith    +   E - +2 buckler "Saunops" {rElec rC++ rN+++ Str+3}
rNeg    + + +      Spirit   .   b - +0 robe
rPois   ∞          Reflect  .   U - +0 hat {SInv}
rElec   +          Harm     .   T - +1 cloak of Cylaitwu {Drain rF++ Will+++}
rCorr   +          Rampage  .   (no gloves)
Will    +++..                   j - +0 pair of boots
Stlth   ++........              S - amulet of Tiskujog {Faith rC+ rCorr Str+3}
HPRegen 0.23/turn               A - ring of see invisible
MPRegen 0.22/turn               h - ring of Sloth {rElec rF+ rCorr AC+4}

@: frozen, very slow
A: sickness immunity, AC +9, negative energy resistance 1, electricity
resistance, torment resistance 1, petrification resistance
a: Renounce Religion


You were in an ice cave.
You worshipped Vehumet.
Vehumet was extremely pleased with you.
You visited 2 branches of the dungeon, and saw 15 of its levels.
You also visited: Sewer, Ossuary, Gauntlet and Ice Cave.

You collected 1122 gold pieces.

Inventory:

Missiles
 l - 46 stones
Armour
 b - a +0 robe (worn)
 c - a +2 kite shield of cold resistance
 j - a +0 pair of boots (worn)
 E - the +2 buckler "Saunops" (worn) {rElec rC++ rN+++ Str+3}
   (You acquired it in a Gauntlet)

   Str:       It affects your strength (+3).
   rC:        It greatly protects you from cold.
   rElec:     It insulates you from electricity.
   rN:        It renders you almost immune to negative energy.
 T - the +1 cloak of Cylaitwu (worn) {Drain rF++ Will+++}
   (You found it in a Gauntlet)

   rF:        It greatly protects you from fire.
   Drain:     It drains your maximum health when unequipped.
   Will:      It greatly increases your willpower.
 U - a +0 hat of see invisible (worn)
Magical Staves
 s - a staff of earth (weapon)
Jewellery
 h - the ring of Sloth (right hand) {rElec rF+ rCorr AC+4}
   (You acquired it in a Gauntlet)

   [ring of protection]

   AC:        It affects your AC (+4).
   rF:        It protects you from fire.
   rElec:     It insulates you from electricity.
   rCorr:     It protects you from acid and corrosion.
 A - a ring of see invisible (left hand)
 S - the amulet of Tiskujog (around neck) {Faith rC+ rCorr Str+3}
   (You found it in a Gauntlet)

   [amulet of faith]

   It allows you to gain divine favour quickly.
   Str:       It affects your strength (+3).
   rC:        It protects you from cold.
   rCorr:     It protects you from acid and corrosion.
Wands
 m - a wand of paralysis (14)
 B - a wand of digging (16)
 I - a wand of flame (28)
 K - a wand of charming (12)
 O - a wand of iceblast (5)
 P - a wand of mindburst (4)
Scrolls
 i - 2 scrolls of amnesia {unknown}
 n - 8 scrolls of teleportation
 r - 4 scrolls of fear
 u - a scroll of enchant weapon {unknown}
 C - 2 scrolls of blinking {unknown}
 D - 3 scrolls of fog
 G - a scroll of enchant armour {unknown}
 L - a scroll of vulnerability {unknown}
Potions
 a - 4 potions of degeneration
 e - 4 potions of heal wounds
 f - 7 potions of lignification
 g - 11 potions of curing {unknown}
 o - 3 potions of brilliance {unknown}
 p - 5 potions of attraction {unknown}
 q - a potion of magic
 t - 8 potions of haste
 v - 4 potions of mutation
 w - 3 potions of might {unknown}
 x - 2 potions of flight {unknown}
 z - a potion of cancellation {unknown}
 F - 2 potions of invisibility {unknown}
 M - a potion of ambrosia {unknown}
Miscellaneous
 y - a lightning rod (4/4)


   Skills:
 - Level 10.0 Fighting
 - Level 1.5 Dodging
 - Level 2.1 Stealth
 - Level 4.0 Shields
 + Level 14.5 Spellcasting
 + Level 8.5 Conjurations
 - Level 5.0 Summonings
 - Level 0.7 Transmutations
 - Level 10.0 Earth Magic


You had 35 spell levels left.
You knew the following spells:

 Your Spells              Type           Power      Damage    Failure   Level
a - Sandblast             Erth           100%       2d20      1%          1
b - Stone Arrow           Conj/Erth      100%       3d13      1%          3
c - Passwall              Tmut/Erth      45%        N/A       1%          2

Your spell library contained the following spells:

 Spells                   Type           Power      Damage    Failure   Level
 Airstrike                Air            7%         N/A       11%         4
 Magic Dart               Conj           100%       1d8       1%          1
 Call Imp                 Summ           36%        N/A       1%          2
 Mephitic Cloud           Conj/Pois/Air  27%        N/A       1%          3
 Ignite Poison            Fire/Tmut/Pois 16%        N/A       3%          3
 Slow                     Hex            60%        N/A       4%          1
 Wereblood                Tmut           18%        N/A       4%          2
 Petrify                  Tmut/Erth      54%        N/A       4%          4
 Freezing Cloud           Conj/Ice/Air   13%        6-21      10%         5
 Confusing Touch          Hex            15%        N/A       12%         3
 Gell's Gravitas          Tloc           15%        N/A       12%         3
 Teleport Other           Tloc           15%        N/A       12%         3
 Vampiric Draining        Necr           15%        2d7       12%         3
 Borgnjor's Vile Clutch   Necr/Erth      26%        N/A       14%         5
 Yara's Violent Unravell  Hex/Tmut       8%         3d5       24%         5
 Animate Dead             Necr           7%         N/A       38%         4
 Cause Fear               Hex            7%         N/A       38%         4
 Death Channel            Necr           7%         N/A       99%         6
 Dispersal                Tloc           7%         N/A       99%         6
 Summon Hydra             Summ           18%        N/A       99%         7
 Dragon Form              Tmut           9%         N/A       100%        7
 Malign Gateway           Summ/Tloc      12%        N/A       100%        7
 Summon Horrible Things   Summ           18%        N/A       100%        8
 Dragon's Call            Summ           18%        N/A       100%        9
 Sublimation of Blood     Necr           Unusable   N/A       N/A         2

Dungeon Overview and Level Annotations

Branches:
Dungeon (11/15)            Temple (0/1) D:6            Lair (4/6) D:11
    Orc (0/2) D:9           Sewer (visited)         Ossuary (visited)
  IceCv (1/1)             Gauntlet (visited)
  Swamp: Lair:2-4    Shoals: Lair:2-4     Snake: Lair:2-4    Spider: Lair:2-4

Altars:
Ashenzari
Cheibriados
Elyvilon
Fedhas
Gozag
Makhleb
Ru
Sif Muna
Vehumet
Xom
Jiyva

Shops:
D:7 :

Annotations:
D:8 3 runed translucent doors, ThereIsNoGod's ghost, novice GnWn


Innate Abilities, Weirdness & Mutations

You are immune to sickness and miasma.
Your stone body is resilient. (AC +9)
You are immune to poison.
You resist negative energy. (rN+)
You are resistant to electric shocks. (rElec)
You are resistant to unholy torment.
You are immune to petrification.


Message History

Vehumet accepts your kill.
You feel your power returning.
Training target 5.0 for Summonings reached!
Your Summonings skill increases to level 5!
Okay, then.
Casting: Sandblast (safe; 1% risk of failure)
Confirm with . or Enter, or press ? or * to list all spells.
Aiming: Sandblast (safe; 1% risk of failure)
Press: ? - help, Shift-Dir - straight line, f - polar bear
Aim: a polar bear (88% to hit)
You feel a surge of power!
The blast of sand hits the polar bear!!
The polar bear is severely wounded.
The ice encasing you melts away. The polar bear bites you.
The polar bear barely misses you.
The polar bear claws you but does no damage.
Casting: Sandblast (safe; 1% risk of failure)
Confirm with . or Enter, or press ? or * to list all spells.
Aiming: Sandblast (safe; 1% risk of failure)
Press: ? - help, Shift-Dir - straight line, f/p - polar bear
Aim: a polar bear (severely wounded, 88% to hit)
You feel a surge of power!
The blast of sand hits the polar bear!!
You kill the polar bear!
Vehumet accepts your kill.
The ironbound frostheart calls freezing cold from the walls.
The frost grips you! You partially resist.
* * * LOW HITPOINT WARNING * * *
You are encased in ice.
You block the wolf's attack.
Casting: Sandblast (safe; 1% risk of failure)
Confirm with . or Enter, or press ? or * to list all spells.
Aiming: Sandblast (safe; 1% risk of failure)
Press: ? - help, Shift-Dir - straight line, f - wolf
Aim: a wolf (73% to hit)
You feel a surge of power!
The blast of sand hits the wolf!!
You kill the wolf!
Vehumet accepts your kill.
You feel your power returning.
The ironbound frostheart calls freezing cold from the walls.
The frost grips you!! You partially resist.
You die...

##.#.##
#....#
#.#.##
##.###
#.##
#.##
#..#
##.#
##@#
#[##
#.# #p.
##..
...
#.ph
.hh.
#p.##


You could see an ironbound frostheart.

Vanquished Creatures
  A minotaur (Gauntlet)
  An ironbound frostheart (IceCv)
  5 two-headed ogres
  2 death yaks (IceCv)
  The ghost of Goblin1989 the Cutter, a novice DsDe of Uskayaw (D:6)
  A worldbinder (Gauntlet)
  An apocalypse crab (Gauntlet)
  4 elephants (Lair:2)
  An ice statue (IceCv)
  4 gargoyles (D:10)
  4 cane toads
  An unseen horror (D:10)
  3 komodo dragons
  A minotaur zombie (Gauntlet)
  2 kobold demonologists
  2 trolls (D:10)
  6 polar bears (IceCv)
  5 blink frogs (Lair:1)
  Prince Ribbit (D:5)
  A slime creature (D:6)
  A meliai zombie (D:10)
  3 flying skulls (Gauntlet)
  20 yaks
  7 spriggans (Lair:1)
  A shadow (D:11)
  A wraith (D:11)
  Eustachio (D:6)
  The ghost of melvinkitnick the Changer, an amateur FeTm (D:5)
  Edmund (D:5)
  2 acid dragons (D:10)
  Pargi (Sewer)
  4 water moccasins
  A hornet zombie (D:8)
  2 sky beasts (D:6)
  A necrophage (D:6)
  4 orc warriors
  An ice beast (D:8)
  2 boggarts (Gauntlet)
  9 wolves (IceCv)
  3 ogres
  3 centaurs
  2 phantoms
  3 kobold brigands
  7 bullfrogs
  A water moccasin zombie (D:6)
  A scorpion (D:5)
  A wyvern skeleton (D:6)
  A water moccasin skeleton (D:4)
  20 killer bees
  A howler monkey (D:8)
  A crimson imp (D:8)
  4 centaur zombies
  3 jellies
  2 hounds
  2 gnoll shamans
  A human zombie (Ossuary)
  4 orc priests
  A bullfrog zombie (D:5)
  A centaur skeleton (D:6)
  A bullfrog skeleton (D:5)
  Jessica (D:3)
  2 iguanas
  9 orc wizards
  A scorpion zombie (D:5)
  4 mummies (Ossuary)
  22 gnolls
  11 adders
  3 shadow imps
  12 white imps (Lair:4)
  An adder zombie (D:5)
  A worm (D:2)
  5 dart slugs
  26 orcs
  12 ball pythons
  7 endoplasms
  A giant cockroach (D:1)
  11 goblins
  3 hobgoblins
  21 kobolds
  3 quokkas
  5 bats
  9 frilled lizards
  A gnoll zombie (Ossuary)
  A goblin zombie (Ossuary)
  2 hobgoblin zombies (Ossuary)
  An orc zombie (Ossuary)
  11 rats
359 creatures vanquished.

Vanquished Creatures (others)
  3 fungi
  16 plants
19 creatures vanquished.

Grand Total: 378 creatures vanquished

Notes
Turn   | Place    | Note
-------+----------+-------------------------------------------
     0 | D:1      | Crownlay the Gargoyle Earth Elementalist began the quest
                  | for the Orb.
     0 | D:1      | Reached XP level 1. HP: 10/10 MP: 3/3
   317 | D:1      | Reached XP level 2. HP: 15/15 MP: 5/5
  1191 | D:2      | Reached XP level 3. HP: 8/19 MP: 5/7
  1198 | D:2      | Reached skill level 3 in Spellcasting
  1534 | D:2      | Reached XP level 4. HP: 24/24 MP: 7/9
  1822 | D:2      | Found a radiant altar of Vehumet.
  1837 | D:2      | Became a worshipper of Vehumet
  2330 | D:3      | Learned a level 3 spell: Stone Arrow
  2337 | D:3      | Reached skill level 4 in Spellcasting
  2337 | D:3      | Reached XP level 5. HP: 28/28 MP: 8/11
  2361 | D:3      | Reached skill level 5 in Earth Magic
  2526 | D:3      | Noticed a floating eye
  2542 | D:3      | Found a faded altar of an unknown god.
  2592 | D:3      | Noticed a golden eye
  2593 | D:3      | Noticed a golden eye
  2593 | D:3      | Noticed an eye of devastation
  2734 | D:3      | Noticed Jessica
  2737 | D:3      | Killed Jessica
  2738 | D:3      | Reached XP level 6. HP: 32/32 MP: 9/13
  3221 | D:3      | Reached * piety under Vehumet
  3221 | D:3      | Offered knowledge of Freeze by Vehumet.
  3347 | D:3      | Reached skill level 5 in Spellcasting
  3459 | D:3      | Found a sacrificial altar of Ru.
  3459 | D:3      | Found a white marble altar of Elyvilon.
  4372 | D:5      | Entered Level 5 of the Dungeon
  4390 | D:5      | Found a glowing drain.
  4395 | D:5      | Reached XP level 7. HP: 36/36 MP: 9/15
  4400 | D:5      | Noticed Prince Ribbit
  4408 | D:5      | Killed Prince Ribbit
  4409 | D:5      | Reached skill level 6 in Spellcasting
  4474 | Sewer    | Entered a sewer
  4592 | Sewer    | Reached ** piety under Vehumet
  4599 | Sewer    | Noticed Pargi
  4606 | Sewer    | Offered knowledge of Scorch by Vehumet.
  4607 | Sewer    | Killed Pargi
  4954 | D:5      | Found a runed translucent door.
  4955 | D:5      | Noticed melvinkitnick's ghost (amateur FeTm)
  4984 | D:5      | Noticed Edmund
  4989 | D:5      | Killed Edmund
  4990 | D:5      | Reached skill level 7 in Spellcasting
  4990 | D:5      | Reached XP level 8. HP: 18/41 MP: 3/18
  5372 | D:5      | Found a shimmering blue altar of Sif Muna.
  5909 | D:5      | Killed melvinkitnick's ghost
  5991 | D:6      | Reached skill level 8 in Spellcasting
  6137 | D:6      | Found a staircase to the Ecumenical Temple.
  6156 | D:6      | Noticed Eustachio
  6161 | D:6      | Killed Eustachio
  6161 | D:6      | Offered knowledge of Ignite Poison by Vehumet.
  6162 | D:6      | Reached XP level 9. HP: 45/45 MP: 17/21
  6492 | D:6      | Reached skill level 9 in Spellcasting
  6684 | D:6      | Reached *** piety under Vehumet
  7465 | D:6      | Found a runed translucent gate.
  7465 | D:6      | Found a runed translucent gate.
  7465 | D:6      | Found a runed translucent gate.
  7467 | D:6      | Found an opulent altar of Gozag.
  7470 | D:6      | Noticed Goblin1989's ghost (novice DsDe)
  7584 | D:7      | Reached skill level 10 in Spellcasting
  7593 | D:7      | Noticed a komodo dragon
  7597 | D:7      | Found Kynybouwa's Self-Improvement Boutique.
  7602 | D:7      | Killed a komodo dragon
  7603 | D:7      | Reached skill level 10 in Earth Magic
  7652 | D:7      | Found a sand-covered staircase.
  7659 | Ossuary  | Entered an ossuary
  7832 | Ossuary  | Reached XP level 10. HP: 50/50 MP: 20/24
  7925 | Ossuary  | Offered knowledge of Hailstorm by Vehumet.
  8042 | D:7      | Reached skill level 11 in Spellcasting
  8285 | D:7      | Found a broken altar of Ashenzari.
  8946 | D:8      | Reached **** piety under Vehumet
  9136 | D:8      | Identified the amulet "Jacif" {Spirit Rampage rC+ rN+
                  | Stlth+}
  9141 | D:8      | Offered knowledge of Conjure Flame by Vehumet.
  9208 | D:8      | Identified the +7 long sword "Onyis" {freeze, *Slow rPois
                  | SInv Stlth+}
  9219 | D:8      | Noticed a two-headed ogre
  9226 | D:8      | Killed a two-headed ogre
  9227 | D:8      | Reached skill level 12 in Spellcasting
  9227 | D:8      | Reached skill level 1 in Fighting
  9548 | D:8      | Noticed ThereIsNoGod's ghost (novice GnWn)
  9556 | D:8      | Found a runed translucent gate.
  9556 | D:8      | Found a runed translucent gate.
  9556 | D:8      | Found a runed translucent gate.
  9607 | D:8      | Found a burning altar of Makhleb.
  9608 | D:8      | Found a shimmering altar of Xom.
  9844 | D:8      | Found a viscous altar of Jiyva.
  9895 | D:9      | Noticed a two-headed ogre
  9900 | D:9      | Killed a two-headed ogre
 10271 | D:9      | Found a staircase to the Orcish Mines.
 10356 | D:9      | Reached XP level 11. HP: 59/59 MP: 25/27
 10692 | D:9      | Reached ***** piety under Vehumet
 10693 | D:9      | Reached skill level 5 in Conjurations
 10809 | D:9      | Found a snail-covered altar of Cheibriados.
 11101 | D:10     | Entered Level 10 of the Dungeon
 11116 | D:10     | Noticed a two-headed ogre
 11122 | D:10     | Killed a two-headed ogre
 11167 | D:10     | Reached skill level 13 in Spellcasting
 11210 | D:10     | Found a blossoming altar of Fedhas.
 11655 | D:10     | Reached skill level 5 in Fighting
 11816 | D:10     | Offered knowledge of Eringya's Noxious Bog by Vehumet.
 12009 | D:11     | Noticed a two-headed ogre
 12015 | D:11     | Killed a two-headed ogre
 12130 | D:11     | Noticed a two-headed ogre
 12133 | D:11     | Killed a two-headed ogre
 12181 | D:11     | Found a staircase to the Lair.
 12220 | D:11     | Reached skill level 14 in Spellcasting
 12874 | Lair:1   | Entered Level 1 of the Lair of Beasts
 13200 | D:6      | Reached XP level 12. HP: 48/72 MP: 18/30
 13215 | D:6      | Killed Goblin1989's ghost
 13677 | Lair:1   | Reached skill level 1 in Summonings
 14578 | Lair:1   | You fall into a shaft and drop 1 floor!
 14579 | Lair:2   | Identified 2 scrolls of acquirement
 14740 | Lair:2   | Found a gate leading to a gauntlet.
 14749 | Gauntlet | Entered a Gauntlet
 14749 | Gauntlet | Found a large runed translucent door.
 14749 | Gauntlet | Found a large runed translucent door.
 14749 | Gauntlet | Found a large runed translucent door.
 14749 | Gauntlet | Found a large runed translucent door.
 14749 | Gauntlet | Found a runed translucent door.
 14749 | Gauntlet | Found a large runed translucent door.
 14749 | Gauntlet | Found a large runed translucent door.
 14749 | Gauntlet | Found a transporter.
 14749 | Gauntlet | Found a transporter.
 14749 | Gauntlet | Found a large runed translucent door.
 14749 | Gauntlet | Found a large runed translucent door.
 14749 | Gauntlet | Found a runed translucent gate.
 14749 | Gauntlet | Found a runed translucent gate.
 14749 | Gauntlet | Found a transporter.
 14749 | Gauntlet | Found a transporter.
 14753 | Gauntlet | Found a transporter.
 14753 | Gauntlet | Found a transporter.
 14754 | Gauntlet | Found a runed translucent gate.
 14754 | Gauntlet | Found a runed translucent door.
 14758 | Gauntlet | Found a large runed translucent door.
 14758 | Gauntlet | Found a large runed translucent door.
 14765 | Gauntlet | Found a transporter.
 14767 | Gauntlet | Found a transporter.
 14777 | Gauntlet | Found a transporter.
 14823 | Gauntlet | Found a large runed translucent door.
 14823 | Gauntlet | Found a large runed translucent door.
 14826 | Gauntlet | Found a large runed translucent door.
 14826 | Gauntlet | Found a large runed translucent door.
 14827 | Gauntlet | Found a large runed translucent door.
 14828 | Gauntlet | Found a large runed translucent door.
 14878 | Gauntlet | Found a transporter.
 14882 | Gauntlet | Found a transporter.
 14898 | Gauntlet | Found a transporter.
 15090 | Gauntlet | Acquired the ring of Sloth {rElec rF+ rCorr AC+4}
 15100 | Gauntlet | Acquired the +2 buckler "Saunops" {rElec rC++ rN+++ Str+3}
 15116 | Gauntlet | Reached skill level 1 in Shields
 15221 | Gauntlet | Noticed an ironbound thunderhulk
 15221 | Gauntlet | Noticed a purple very ugly thing
 15221 | Gauntlet | Noticed an ironbound thunderhulk
 15233 | Gauntlet | Noticed an ironbound thunderhulk
 15234 | Gauntlet | Noticed a cyan very ugly thing
 15235 | Gauntlet | Noticed a white very ugly thing
 15237 | Gauntlet | Identified the amulet of Tiskujog {Faith rC+ rCorr Str+3}
 15240 | Gauntlet | Noticed an ironbound thunderhulk
 15240 | Gauntlet | Noticed an ironbound thunderhulk
 15470 | Gauntlet | Identified the +1 cloak of Cylaitwu {Drain rF++ Will+++}
 15602 | Gauntlet | Learned a level 2 spell: Passwall
 15624 | Gauntlet | Noticed a minotaur
 15631 | Gauntlet | Killed a minotaur
 17562 | Lair:4   | Found a frozen archway.
 17698 | IceCv    | Entered an ice cave
 17727 | IceCv    | Noticed a death yak
 17733 | IceCv    | Reached XP level 13. HP: 82/82 MP: 26/31
 17735 | IceCv    | Reached skill level 10 in Fighting
 18319 | IceCv    | Offered knowledge of Airstrike by Vehumet.
 18398 | IceCv    | Reached skill level 5 in Summonings
 18400 | IceCv    | Killed from afar by an ironbound frostheart

Illustrated notes

Levels and vault maps discovered:
D:1:      ebering_trefoil_twist, layout_rooms
D:2:      layout_rooms, basic_altar, minivault_11, nicolae_grassy_gnolls
D:3:      minmay_razor_zed, layout_rooms, gammafunk_temple_overflow_pools,
          serial_rivers, chequers_serial_rivers_marsh,
          chequers_serial_rivers_micro_a, chequers_serial_rivers_micro_a,
          chequers_serial_rivers_marsh, chequers_serial_rivers_large_a,
          hellmonk_ecumenical_altar_watching_god, uniq_jessica
D:4:      layout_basic, kennysheep_decorative_pillar, hangedman_decor_lopped
D:5:      layout_loops_corners, mainiacjoe_overflow_concentric_impassable,
          portal_sewer_entry_b, ebering_ghost_inner_flame, uniq_prince_ribbit1,
          uniq_edmund
D:6:      layout_basic, minmay_temple_entry_wispy, ebering_ghost_gozag,
          uniq_eustachio
D:7:      layout_loops_cross, evilmike_ruin_ashenzari,
          chequers_ossuary_entry_cave, nicolae_shop_self_help
D:8:      layout_loops_cross, grunt_temple_overflow_champion_of_chaos,
          gammafunk_ghost_ooze
D:9:      layout_stronghold, kennysheep_slug_shrine, orc_0_dummy,
          grunt_ministairs_7
D:10:     cheibrodos_statue_roulette, layout_cave_pools, old_standard_altar
D:11:     layout_irregular_city, lair_entry_dummy
Lair:1:   kb_forest_paths, layout_chaotic_city, infiniplex_staircase_pool_2
Lair:2:   layout_long_grid, gauntlet_entry_generic
Lair:3:   layout_cave_pods, serial_bayou_shore_b
Lair:4:   layout_concentric_octagons, palyth_hydra_swamp_entry,
          spider_nest_entry_web_field, special_room [special_room_mythical_zoo],
          portal_ice_cave_entry_imps, hellmonk_guarded_unrand_vines,
          serial_bayou_shore_a, grunt_megastairs_2
IceCv:    ice_cave_caverns_03

Skill      XL: |  1  2  3  4  5  6  7  8  9 10 11 12 13 |
---------------+----------------------------------------+-----
Earth Magic    | 4 5 6 7 8 10 | 10.0
Spellcasting   | 3 4 5 7 8 10 12 14 | 14.5
Fighting       | 2 7 9 10 | 10.0
Conjurations   | 4 5 7 8 |  8.5
Summonings     | 3 5 |  5.0
Shields        | 4 |  4.0
Dodging        | |  1.5
Stealth        | |  2.1
Transmutations | |  0.7

Action                   |  1- 3 |  4- 6 |  7- 9 | 10-12 | 13-15 || total
-------------------------+-------+-------+-------+-------+-------++-------
Melee: Dagger            |    49 |    76 |       |       |       ||   125
       Club              |     1 |       |       |       |       ||     1
       Unarmed           |     1 |       |       |       |       ||     1
       Staff             |       |       |       |     1 |     8 ||     9
 Cast: Sandblast         |    24 |    71 |   103 |   276 |    75 ||   549
       Stone Arrow       |       |     5 |    20 |   143 |     5 ||   173
Evoke: Wand              |       |       |       |     5 |     1 ||     6
       Lightning rod     |       |       |       |     1 |       ||     1
  Use: Scroll            |       |       |       |    12 |       ||    12
       Potion            |       |       |       |     3 |       ||     3
 Stab: Sleeping          |     2 |     1 |       |       |       ||     3
Armor: Robe              |    19 |    40 |    18 |   159 |    31 ||   267
Dodge: Dodged            |    44 |    55 |     9 |   183 |    23 ||   314
       Repelled          |       |       |       |     3 |       ||     3
Block: Buckler           |       |       |       |    19 |    15 ||    34

Table legend: (Time is in decaauts)
 A = Elapsed time spent in this place.
 B = Non-inter-level travel time spent in this place.
 C = Inter-level travel time spent in this place.
 D = Time resting spent in this place.
 E = Time spent auto-exploring this place.
 F = Levels seen in this place.
 G = Mean time per level.
                   A        B        C        D        E       F      G
               +--------+--------+--------+--------+--------+-----+--------+
         Total |  18472 |  17710 |    762 |    225 |  14797 |  19 |  972.2 |
       Dungeon |  12967 |  12282 |    685 |     66 |  10648 |  11 | 1178.8 |
          Lair |   2956 |   2880 |     76 |    105 |   2348 |   4 |  739.0 |
         Sewer |    382 |    382 |      0 |      0 |    303 |   1 |  382.0 |
       Ossuary |    354 |    354 |      0 |      0 |    291 |   1 |  354.0 |
      Ice Cave |    709 |    709 |      0 |     54 |    516 |   1 |  709.0 |
      Gauntlet |   1102 |   1102 |      0 |      0 |    690 |   1 | 1102.0 |
               +--------+--------+--------+--------+--------+-----+--------+

Top non-repeatable levels by time:
     D:6: 1962 daAuts
     D:3: 1516 daAuts
     D:5: 1366 daAuts
     D:9: 1263 daAuts
     D:2: 1129 daAuts
Gauntlet: 1102 daAuts
     D:8: 1095 daAuts
     D:1: 1067 daAuts
  Lair:2: 969 daAuts
     D:7: 964 daAuts
    D:11: 941 daAuts
  Lair:1: 941 daAuts
    D:10: 920 daAuts
  Lair:3: 889 daAuts
     D:4: 738 daAuts
